 Dungeon Sprint DCSS version 0.30.1-11-g7821555f0a (webtiles) character file.

Game seed: 7236665268451912994

1701 Groucho the Geomancer (level 8, -12/41 HPs)
             Began as a Deep Elf Earth Elementalist on Jan 7, 2024.
             Was a High Priest of Sif Muna.
             Mangled by a shadow wraith (20 damage)
             ... in the Dungeon (Sprint VII: "The Pits").
             The game lasted 00:05:40 (3138 turns).

Groucho the Geomancer (Deep Elf Earth Elementalist) Turns: 3138, Time: 00:05:41

Health: -12/41     AC:  2    Str:  5    XL:     8   Next: 73%
Magic:  9/25       EV: 12    Int: 23    God:    Sif Muna [*****.]
Gold:   0          SH:  0    Dex: 15    Spells: 10/29 levels left

rFire   . . .        h - +2 dagger
rCold   . . .        (no shield)
rNeg    . . .        a - +0 robe
rPois   .            (no helmet)
rElec   .            (no cloak)
rCorr   .            (no gloves)
SInv    .            (no boots)
Will    .....        (no amulet)
Stlth   +++          (no ring)
HPRegen 0.26/turn    (no ring)
MPRegen 0.19/turn

%: no teleportation
@: very slightly contaminated, slowed, very slow
A: no striking features
a: Renounce Religion, Channel Magic, Forget Spell, Divine Exegesis


You were in the Dungeon.
You worshipped Sif Muna.
Sif Muna was extremely pleased with you.
You visited 1 branch

Inventory:

Hand Weapons
 h - a +2 dagger (weapon)
Armour
 a - a +0 robe (worn)
 l - a +3 ring mail
Jewellery
 m - a +3 ring of strength
 n - a +3 ring of protection
Scrolls
 g - a scroll of blinking
 j - 5 scrolls of amnesia
 k - a scroll of summoning
Potions
 b - 5 potions of magic
 c - 6 potions of curing
 d - 8 potions of heal wounds
 e - 4 potions of haste
 f - 3 potions of berserk rage
 i - 2 potions of invisibility
 o - 2 potions of might
 p - a potion of resistance


   Skills:
 - Level 5.0 Short Blades
 + Level 1.8 Armour
 - Level 2.4 Dodging
 - Level 7.0 Stealth
 + Level 11.2 Spellcasting
 + Level 9.2 Conjurations
 + Level 7.3 Transmutations
 + Level 11.6 Earth Magic
 + Level 7.0 Invocations


You had 10 spell levels left.
You knew the following spells:

 Your Spells              Type           Power      Damage    Failure   Level
a - Sandblast             Erth           100%       2d20      1%          1
b - Stone Arrow           Conj/Erth      100%       3d13      1%          3
c - Petrify               Tmut/Erth      54%        N/A       1%          4
d - Irradiate             Conj/Tmut      25%        3d20      4%          5
e - Iron Shot             Conj/Erth      28%        9d6       11%         6

Your spell library contained the following spells:

 Spells                   Type           Power      Damage    Failure   Level
 Passwall                 Tmut/Erth      45%        N/A       1%          2
 Iskenderun's Battlesphe  Conj           53%        2d10      3%          5
 Blink                    Tloc           24%        N/A       8%          2
 Iskenderun's Mystic Bla  Conj/Tloc      34%        2d8       8%          4
 Vhi's Electric Charge    Tloc/Air       24%        N/A       16%         3
 Manifold Assault         Tloc           12%        N/A       45%         4
 Shatter                  Erth           30%        3d25*     100%        9


Dungeon Overview and Level Annotations

Branches:
Dungeon (1/1)

Altars:
Ashenzari
Cheibriados
Dithmenos
Elyvilon
Fedhas
Gozag
Hepliaklqana
Kikubaaqudgha
Makhleb
Nemelex Xobeh
Okawaru
Qazlal
Ru
Sif Muna
Trog
Uskayaw
Vehumet
Wu Jian
Xom
Yredelemnul
Zin
The Shining One
Jiyva
Lugonu


Message History

Your Conjurations skill increases to level 9!
Your Transmutations skill increases to level 7!
Your Invocations skill increases to level 7!
Unknown command.
Unknown command.
You start resting.
Something hits you!!
Ouch! That really hurt!
Something drains your vigour!
You feel yourself slow down.
Deactivating autopickup; reactivate with Ctrl-A.
There is a strange disturbance nearby!
There is a strange disturbance nearby!
You feel much better. Something hits you!!
Ouch! That really hurt!
Something drains your vigour!
You feel as though you will be slow longer.
You feel much better. Something hits you! Something drains your vigour!
You feel as though you will be slow longer.
Something hits you.
Unknown command.
You feel much better. Something hits you!!
Ouch! That really hurt!
Unknown command.
Casting: Stone Arrow (safe; 1% risk of failure)
Confirm with . or Enter, or press ? or * to list all spells.
Okay, then.
Casting: Stone Arrow (safe; 1% risk of failure)
Confirm with . or Enter, or press ? or * to list all spells.
You can't see any susceptible monsters within range! (Use Z to cast anyway.)
Casting: Stone Arrow (safe; 1% risk of failure)
Confirm with . or Enter, or press ? or * to list all spells.
The spell is quite dangerous to miscast (4% risk of failure)!
Continue anyway?
You erupt in a fountain of uncontrolled magic!
Something is blasted with magical radiation!!
You are very lightly contaminated with residual magic.
Something hits you!
* * * LOW HITPOINT WARNING * * *
Something drains your vigour!
You feel as though you will be slow longer.
Something hits you!!
You die...

____.#
__...###########++######
####'##................#
)))'.##......#..#......#
####.##................+
......'................+
#'#####......#..#......#
.....##................#
####'#####'#####@'#####
..)..##.......##{'#
.....##.......##....
##'####.......##......
.....##...<...##.....##
.....##.......##...###
.....##.......##..##
#######.......##++#
..#..##########


There were no monsters in sight!

Vanquished Creatures
  A flayed ghost (D)
  A manticore (D)
  3 floating eyes (D)
  A black bear (D)
  A centaur (D)
  A phantom (D)
  A gnoll sergeant (D)
  A crimson imp (D)
  2 iron imps (D)
  3 orc wizards (D)
  A mummy (D)
  2 gnolls (D)
  An adder skeleton (D)
  A worm (D)
  4 orcs (D)
  A giant cockroach (D)
  A hobgoblin (D)
  A ball python skeleton (D)
  2 bats (D)
  A rat (D)
30 creatures vanquished.

Notes
Turn   | Place    | Note
-------+----------+-------------------------------------------
     0 | D        | Groucho the Deep Elf Earth Elementalist began the quest for
                  | the Orb.
     0 | D        | Reached XP level 1. HP: 10/10 MP: 6/6
    35 | D        | Found a glowing golden altar of the Shining One.
    35 | D        | Found a glowing silver altar of Zin.
    35 | D        | Found a basalt altar of Yredelemnul.
    35 | D        | Found a shimmering altar of Xom.
    35 | D        | Found an ornate altar of the Wu Jian Council.
    35 | D        | Found a bloodstained altar of Trog.
    35 | D        | Found a shimmering blue altar of Sif Muna.
    35 | D        | Found a sacrificial altar of Ru.
    35 | D        | Found a stormy altar of Qazlal.
    35 | D        | Found an iron altar of Okawaru.
    35 | D        | Found a sparkling altar of Nemelex Xobeh.
    35 | D        | Found a burning altar of Makhleb.
    35 | D        | Found a viscous altar of Jiyva.
    35 | D        | Found a hazy altar of Hepliaklqana.
    35 | D        | Found an opulent altar of Gozag.
    35 | D        | Found a blossoming altar of Fedhas.
    35 | D        | Found a white marble altar of Elyvilon.
    35 | D        | Found a shadowy altar of Dithmenos.
    35 | D        | Found a snail-covered altar of Cheibriados.
    36 | D        | Found a radiant altar of Vehumet.
    36 | D        | Found a corrupted altar of Lugonu.
    37 | D        | Found an ancient bone altar of Kikubaaqudgha.
    37 | D        | Found a hide-covered altar of Uskayaw.
    37 | D        | Found a broken altar of Ashenzari.
    38 | D        | Became a worshipper of Sif Muna the Loreminder
    49 | D        | Reached skill level 1 in Conjurations
   171 | D        | Noticed a floating eye
   175 | D        | Killed a floating eye
   175 | D        | Reached * piety under Sif Muna
   176 | D        | Reached XP level 2. HP: 15/15 MP: 4/11
   176 | D        | Reached XP level 3. HP: 19/19 MP: 4/13
   176 | D        | Reached XP level 4. HP: 24/24 MP: 4/14
   438 | D        | Learned a level 3 spell: Stone Arrow
   443 | D        | Learned a level 4 spell: Petrify
   662 | D        | Noticed a floating eye
   663 | D        | Killed a floating eye
   663 | D        | Reached ** piety under Sif Muna
   664 | D        | Reached skill level 5 in Conjurations
   664 | D        | Reached XP level 5. HP: 28/28 MP: 8/16
   664 | D        | Noticed a phantom
   666 | D        | Killed a phantom
   667 | D        | Reached XP level 6. HP: 32/32 MP: 2/18
  1194 | D        | Reached skill level 5 in Stealth
  1195 | D        | Reached *** piety under Sif Muna
  1297 | D        | Reached **** piety under Sif Muna
  1453 | D        | Reached ***** piety under Sif Muna
  1454 | D        | Reached skill level 10 in Earth Magic
  1767 | D        | Received a gift from Sif Muna
  1768 | D        | Got Sif Muna's Opusculum on Relocated Bombardment {god
                  | gift}
  1775 | D        | Learned a level 5 spell: Irradiate
  1800 | D        | Reached XP level 7. HP: 36/36 MP: 12/21
  1807 | D        | Reached skill level 5 in Transmutations
  2630 | D        | Noticed a flayed ghost
  2632 | D        | Received a gift from Sif Muna
  2633 | D        | Reached skill level 5 in Invocations
  2639 | D        | Killed a flayed ghost
  2640 | D        | Reached skill level 5 in Short Blades
  2640 | D        | Reached skill level 10 in Spellcasting
  2640 | D        | Reached XP level 8. HP: 37/41 MP: 0/24
  3039 | D        | Got Sif Muna's Quarto of Flinty Position {god gift}
  3047 | D        | Learned a level 6 spell: Iron Shot
  3128 | D        | Noticed a manticore
  3133 | D        | Killed a manticore
  3134 | D        | Reached skill level 1 in Armour
  3138 | D        | Mangled by a shadow wraith

Illustrated notes

Levels and vault maps discovered:
D:        pitsprint [storerooms_1, entrance_room_1, metal_vault_4, armoury_2,
          mini_pit_1, grid_room_1, main_hall_1, silver_pit, the_coven_3,
          the_vestibule_1, steel_vault_4, golden_pit, hallway_of_sentries,
          crystal_vault_4, iron_vault_1, final_vault]

Skill      XL: |  1  2  3  4  5  6  7  8 |
---------------+-------------------------+-----
Conjurations   | 4 5 6 8 9 |  9.2
Earth Magic    | 7 8 9 10 11 | 11.6
Spellcasting   | 6 7 8 10 11 | 11.2
Short Blades   | 2 3 5 |  5.0
Stealth        | 4 6 7 |  7.0
Transmutations | 2 3 4 6 7 |  7.3
Invocations    | 2 3 4 6 7 |  7.0
Armour         | 1 |  1.8
Dodging        | |  2.4

Action                     |  1- 3 |  4- 6 |  7- 9 || total
---------------------------+-------+-------+-------++-------
  Melee: Dagger            |       |     2 |       ||     2
   Cast: Sandblast         |     6 |       |     2 ||     8
         Stone Arrow       |       |    23 |    15 ||    38
         Petrify           |       |     1 |       ||     1
         Irradiate         |       |       |     1 ||     1
    Use: Potion            |       |     1 |     3 ||     4
   Stab: Petrified         |       |     2 |       ||     2
  Dodge: Dodged            |       |       |     2 ||     2
